 Dungeon Sprint DCSS version 0.24.0-37-gcf1ca852f1 (webtiles) character file.

Game seed: 10333832426990121758, levelgen mode: deterministic

591 Cryoshakespeare the Basher (level 7, 0/105 HPs)
             Began as an Ogre Berserker on Nov 23, 2019.
             Was a Priest of Trog.
             Slain by Sonja
             ... wielding a +0 short sword of draining
              (1 damage)
             ... in the Dungeon (Sprint I: "Red Sonja").
             The game lasted 00:01:41 (655 turns).

Cryoshakespeare the Basher (Ogre Berserker)          Turns: 655, Time: 00:01:42

Health: 0/105      AC:  3    Str: 29    XL:     7   Next: 39%
Magic:  7/7        EV:  9    Int:  8    God:    Trog [***...]
Gold:   297        SH:  0    Dex:  8    Spells: 6/6 levels left

rFire    . . .     SeeInvis .   k - +0 giant club
rCold    . . .     Gourm    .   (shield currently unavailable)
rNeg     . . .     Faith    .   b - +0 animal skin
rPois    .         Spirit   .   (helmet restricted)
rElec    .         Reflect  .   (no cloak)
rCorr    .         Harm     .   (gloves unavailable)
MR       .....     NoTele   +   (boots unavailable)
Stlth    ..........             (no amulet)
HPRegen  0.27/turn              (no ring)
MPRegen  0.10/turn              (no ring)

@: berserking, lethally poisoned (0 -> -24), slowed, heavily drained
A: large, unfitting armour, tough skin 1
a: Berserk, Trog's Hand, Renounce Religion


You were in the Dungeon.
You worshipped Trog.
Trog was most pleased with you.
You were not hungry.

You visited 1 branch You collected 297 gold pieces.

Inventory:

Hand Weapons
 a - a +0 mace
 k - a +0 giant club (weapon)
Armour
 b - a +0 animal skin (worn)
Scrolls
 c - a scroll of identify {unknown}
 i - a scroll of blinking
Potions
 d - a potion of curing
 e - 2 potions of heal wounds
 f - a potion of haste
 g - 2 potions of magic
 h - a potion of berserk rage
Comestibles
 j - 2 chunks of flesh


   Skills:
 - Level 4.0(2.0) Fighting
 + Level 13.9(11.4) Maces & Flails
 - Level 2.6(0.8) Dodging


You had 6 spell levels left.
You didn't know any spells.
Your spell library was empty.

Dungeon Overview and Level Annotations

Branches:
Dungeon (1/1)

Altars:
Cheibriados
Dithmenos
Elyvilon
Fedhas
Gozag
Hepliaklqana
Kikubaaqudgha
Makhleb
Nemelex Xobeh
Okawaru
Qazlal
Ru
Sif Muna
Trog
Uskayaw
Vehumet
Wu Jian
Xom
Yredelemnul
Zin
The Shining One
Jiyva
Lugonu

Shops:
D =

Annotations:
D Sonja


Innate Abilities, Weirdness & Mutations

You are too large for most types of armour.
You have tough skin. (AC +1)


Message History

* * * LOW HITPOINT WARNING * * *
You feel very sick.
Sonja hits you with a +0 short sword of draining.
* * * LOW HITPOINT WARNING * * *
You feel drained.
* * * LOW HITPOINT WARNING * * *
Sonja hits you with a +0 short sword of draining.
* * * LOW HITPOINT WARNING * * *
You feel drained. Sonja barely misses you.
Sonja gestures wildly while chanting.
Sonja blinks!
Unknown command.
You feel a strong urge to attack something.
* * * LOW HITPOINT WARNING * * *
You feel sick. Sonja hits you but does no damage.
You feel drained.
Sonja hits you with a +0 short sword of draining.
* * * LOW HITPOINT WARNING * * *
You feel drained.
Sonja hits you with a +0 short sword of draining.
You die...

#..'[.#..').#..'..+
#..#####'#####'#__#
#..####..#...#.# ##
#..#__####..##.#
#..#_____##'#_.+
#⌠⌠#_.∩...÷.(._#
####_..__##_.#+#
#_____###K#
#########@## +$.$+
#$§$# ##.## #+#


You could see Sonja.

Vanquished Creatures
  A slime creature (D)
  Sigmund (D)
  A yak (D)
  An ogre (D)
  A jelly (D)
  Ijyb (D)
6 creatures vanquished.

Vanquished Creatures (others)
  A gargoyle (D)
1 creature vanquished.

Grand Total: 7 creatures vanquished

Notes
Turn   | Place    | Note
-------+----------+-------------------------------------------
     0 | D        | Cryoshakespeare the Ogre Berserker began the quest for the
                  | Orb.
     0 | D        | Reached XP level 1. HP: 24/24 MP: 1/1
     2 | D        | Noticed Ijyb
    17 | D        | Killed Ijyb
    17 | D        | Reached skill level 5 in Maces & Flails
    17 | D        | Reached XP level 2. HP: 32/32 MP: 2/2
    17 | D        | Reached XP level 3. HP: 39/39 MP: 3/3
   109 | D        | Noticed an ogre
   114 | D        | Killed an ogre
   114 | D        | Reached skill level 8 in Maces & Flails
   114 | D        | Reached XP level 4. HP: 5/48 MP: 4/4
   394 | D        | Noticed Sigmund
   399 | D        | Killed Sigmund
   399 | D        | Reached ** piety under Trog
   399 | D        | Reached skill level 11 in Maces & Flails
   399 | D        | Reached XP level 5. HP: 54/54 MP: 5/5
   399 | D        | Reached XP level 6. HP: 62/62 MP: 6/6
   407 | D        | Killed a gargoyle
   415 | D        | Found a burning altar of Makhleb.
   415 | D        | Found a viscous altar of Jiyva.
   415 | D        | Found a shimmering altar of Xom.
   415 | D        | Found a corrupted altar of Lugonu.
   415 | D        | Noticed a slime creature
   420 | D        | Killed a slime creature
   420 | D        | Reached skill level 13 in Maces & Flails
   492 | D        | Found an ornate altar of the Wu Jian Council.
   492 | D        | Found a shimmering blue altar of Sif Muna.
   494 | D        | Found a radiant altar of Vehumet.
   497 | D        | Reached XP level 7. HP: 70/70 MP: 7/7
   505 | D        | Found Justreass's Jewellery Emporium.
   505 | D        | Found an ancient bone altar of Kikubaaqudgha.
   505 | D        | Found a hazy altar of Hepliaklqana.
   505 | D        | Found a stormy altar of Qazlal.
   505 | D        | Found a hide-covered altar of Uskayaw.
   505 | D        | Found a blossoming altar of Fedhas.
   505 | D        | Found a bloodstained altar of Trog.
   505 | D        | Found an iron altar of Okawaru.
   505 | D        | Found a basalt altar of Yredelemnul.
   505 | D        | Found a glowing golden altar of the Shining One.
   505 | D        | Found a snail-covered altar of Cheibriados.
   505 | D        | Found a sacrificial altar of Ru.
   505 | D        | Found a glowing silver altar of Zin.
   505 | D        | Found a shadowy altar of Dithmenos.
   505 | D        | Found a white marble altar of Elyvilon.
   505 | D        | Noticed a yak
   515 | D        | Killed a yak
   515 | D        | Reached *** piety under Trog
   516 | D        | Found an opulent altar of Gozag.
   519 | D        | Found a sparkling altar of Nemelex Xobeh.
   650 | D        | Noticed Sonja
   655 | D        | HP: 5/105 [poisoned by Sonja (curare-tipped dart)]
   655 | D        | HP: 1/105 [Sonja/+0 short sword of draining (4)]
   655 | D        | Slain by Sonja

Levels and vault maps discovered:
D:        dungeon_sprint_1 [red_sonja_temple_1, red_sonja_temple_small_1]

Skill      XL: |  1  2  3  4  5  6 |
---------------+-------------------+-----
Maces & Flails | 5 8 11 13 | 13.9
Fighting       | |  4.0
Dodging        | |  2.6

Action                   |  1- 3 |  4- 6 |  7- 9 || total
-------------------------+-------+-------+-------++-------
Melee: Mace              |    18 |       |       ||    18
       Giant club        |       |    10 |    10 ||    20
Invok: Berserk           |     2 |     1 |     1 ||     4
  Eat: Ration            |       |     1 |       ||     1
Armor: Animal skin       |       |     2 |       ||     2
Dodge: Dodged            |     7 |     7 |     7 ||    21
